 Dungeon Crawl Stone Soup version 0.29.1-4-g47bece8355 (webtiles) character file.

Game seed: 15380412797947488182

4996 concernfroge the Carver (level 10, -2/89 HPs)
             Began as a Mummy Monk on Dec 10, 2022.
             Was an Elder of Ashenzari.
             Slain by an unseen horror (6 damage)
             ... on level 11 of the Dungeon.
             The game lasted 00:29:13 (10757 turns).

concernfroge the Carver (Mummy Monk)               Turns: 10757, Time: 00:29:16

Health: -2/89      AC: 13    Str: 17    XL:     10   Next: 29%
Magic:  10/10      EV:  6    Int: 10    God:    Ashenzari [****..]
Gold:   409        SH:  0    Dex: 16    Spells: 9/9 levels left

rFire   x . .      SeeInvis +   f - +0 great sword "Disgust of Ashenzari" {Alch, Fort} (curse)
rCold   + . .      Faith    .   (shield currently unavailable)
rNeg    + + +      Spirit   .   m - +0 plate armour of the Eye in the Sky {Cun, Comp} (curse)
rPois   ∞          Reflect  .   (no helmet)
rElec   .          Harm     .   q - +0 cloak "Chained Together" {Range, Evo} (curse)
rCorr   .          Rampage  .   B - +0 pair of gloves of Ouranomancy {Cun, Self} (curse)
Will    +....      Clarity  +   c - +0 pair of boots of the Perceptive Dismay {Melee, Bglg} (curse)
Stlth   ..........              (no amulet)
HPRegen 0.24/turn               (no ring)
MPRegen 0.12/turn               (no ring)

@: studying Fighting
A: cold resistance 1, negative energy resistance 3, torment resistance 2, heat
vulnerability 1, in touch with death 1, no potions
a: Renounce Religion, Shatter the Chains


You were on level 11 of the Dungeon.
You worshipped Ashenzari.
Ashenzari was greatly pleased with you.
You visited 2 branches of the dungeon, and saw 12 of its levels.

You collected 426 gold pieces.
You spent 17 gold pieces at shops.

Inventory:

Hand Weapons
 a - a +0 spear of flaming
 f - the cursed +0 great sword "Disgust of Ashenzari" (weapon) {Alch, Fort}
   (You found it on level 5 of the Dungeon)

   It has a curse which improves the following skills: Alchemy: Poison Magic and
   Transmutations.
   Fortitude: Armour and Shields.
 r - a +1 vorpal hand axe
 C - a +0 falchion of protection
Missiles
 i - 13 poisoned darts
 k - 6 boomerangs
 o - 2 javelins
 t - a throwing net
 u - a curare-tipped dart
 w - 5 atropa-tipped darts
 z - 4 datura-tipped darts
Armour
 c - the cursed +0 pair of boots of the Perceptive Dismay (worn) {Melee, Bglg}
   (You found it on level 1 of the Dungeon)

   It has a curse which improves the following skills: Melee Combat: Short
   Blades, Long Blades, Axes, Maces & Flails, Polearms, Staves and Unarmed
   Combat.
   Beguiling: Conjurations, Hexes and Translocations.
 m - the cursed +0 plate armour of the Eye in the Sky (worn) {Cun, Comp}
   (You took it off an orc warrior on level 5 of the Dungeon)

   It has a curse which improves the following skills: Cunning: Dodging and
   Stealth.
   Companions: Summonings and Necromancy.
 q - the cursed +0 cloak "Chained Together" (worn) {Range, Evo}
   (You found it on level 4 of the Dungeon)

   It has a curse which improves the following skills: Ranged Combat: Ranged
   Weapons and Throwing.
   Evocations: Evocations.
 x - a +0 kite shield of cold resistance
 B - the cursed +0 pair of gloves of Ouranomancy (worn) {Cun, Self}
   (You found it on level 8 of the Dungeon)

   It has a curse which improves the following skills: Cunning: Dodging and
   Stealth.
   Introspection: Fighting and Spellcasting.
Wands
 b - a wand of iceblast (3)
 d - a wand of polymorph (3)
 p - a wand of flame (59) (quivered)
 A - a wand of charming (11)
Scrolls
 g - 2 scrolls of fog
 h - a scroll of blinking
 j - a scroll of noise
 n - 2 scrolls of vulnerability
 s - a scroll of enchant armour
 v - a scroll of magic mapping
 D - a scroll of amnesia


   Skills:
 - Level 10.2(12.1) Fighting
 + Level 10.6(12.6) Long Blades
 - Level 2.4(4.0) Polearms
 - Level 2.4(4.7) Dodging
 - Level 1.5(3.5) Stealth


You had 9 spell levels left.
You didn't know any spells.
Your spell library contained the following spells:

 Spells                   Type           Power      Damage    Failure   Level
 Shock                    Conj/Air       0%         1d3       100%        1
 Slow                     Hex            0%         N/A       100%        1
 Summon Small Mammal      Summ           0%         N/A       100%        1
 Blink                    Tloc           0%         N/A       100%        2
 Call Canine Familiar     Summ           0%         N/A       100%        3
 Confusing Touch          Hex            0%         N/A       100%        3
 Conjure Flame            Conj/Fire      0%         6-21      100%        3
 Dazzling Flash           Conj/Hex       0%         N/A       100%        3
 Ignite Poison            Fire/Tmut/Pois 0%         N/A       100%        3
 Lesser Beckoning         Tloc           0%         N/A       100%        3
 Summon Guardian Golem    Hex/Summ       0%         N/A       100%        3
 Swiftness                Air            0%         N/A       100%        3
 Vampiric Draining        Necr           0%         2d6       100%        3
 Airstrike                Air            0%         2d(0-16)  100%        4
 Animate Armour           Summ/Erth      0%         N/A       100%        4
 Iskenderun's Mystic Bla  Conj/Tloc      0%         2d3       100%        4
 Sticky Flame             Conj/Fire      0%         2d3       100%        4
 Summon Lightning Spire   Summ/Air       0%         N/A       100%        4
 Lightning Bolt           Conj/Air       0%         1d11      100%        5
 Manifold Assault         Tloc           0%         N/A       100%        5
 Iron Shot                Conj/Erth      0%         9d1       100%        6
 Starburst                Conj/Fire      0%         6d3       100%        6
 Blade Hands              Tmut           Unusable   N/A       N/A         5

Dungeon Overview and Level Annotations

Branches:
Dungeon (11/15)            Temple (1/1) D:6            Lair (0/5) D:9
    Orc: D:9-12

Altars:
Ashenzari
Cheibriados
Dithmenos
Fedhas
Gozag
Hepliaklqana
Kikubaaqudgha
Makhleb
Nemelex Xobeh
Okawaru
Qazlal
Ru
Sif Muna
Trog
Uskayaw
Vehumet
Wu Jian
Xom
Yredelemnul
Jiyva

Shops:
D:7 *![   D:8 (   D:9 !

Annotations:
D:8 1 transporter
D:10 Amaemon


Innate Abilities, Weirdness & Mutations

You are immune to poison.
Your flesh is cold resistant. (rC+)
You are immune to negative energy. (rN+++)
You are immune to unholy pain and torment.
You are vulnerable to heat. (rF-)
You are in touch with the powers of death.
You do not drink.


Message History

Your kobold demonologist hits the yak but does no damage.
Your komodo dragon bites the yak!!
The yak dies!
The yak misses your kobold demonologist.
Something gores your kobold demonologist.
Your kobold demonologist dies!
Your kobold demonologist's corpse dissolves into shadows!
The unseen horror hits your kobold brigand!
Your kobold brigand dies!
Your kobold brigand's corpse dissolves into shadows!
The yak barely misses your shadow. Something gores your shadow!
The unseen horror hits your kobold.
Your kobold closely misses the yak.
The unseen horror closely misses your kobold.
Your kobold hits the yak but does no damage.
The yak gores your kobold!
Your kobold dies!
Your kobold's corpse dissolves into shadows!
The unseen horror barely misses your kobold.
The unseen horror hits your kobold.
Your komodo dragon bites the yak!
Your kobold hits the yak but does no damage.
The unseen horror barely misses your kobold.
The yak gores your shadow!
The unseen horror completely misses you.
The yak barely misses your shadow.
The yak closely misses your komodo dragon.
You slice the unseen horror!!
The unseen horror is heavily wounded.
The unseen horror hits you.
* * * LOW HITPOINT WARNING * * *
The yak closely misses your shadow. The yak gores your komodo dragon!
Aiming: Charm
Press: ? - help, Shift-Dir - straight line, f - unseen horror
Aim: an unseen horror (heavily wounded, slightly transparent, ally target, chance to affect: 49%)
Okay, then.
Aiming: Charm
Press: ? - help, Shift-Dir - straight line, f - unseen horror
Aim: an unseen horror (heavily wounded, slightly transparent, ally target, chance to affect: 49%)
The unseen horror resists with some effort.
Your komodo dragon bites the yak!
The unseen horror hits you.
You die...

, * , ,,* * *
, * * ***** ,
,,, , , * * *
,, ,., , ,,
,** ** .. ,,,
,, , ,, ,,,
,...,, ,, , *
.... ,, ,, ,*
#####....., ,
, *###..$.K..
, ,, , ,
,Y#W@x#, , ,,
, ,,
...YYYK### **
*
,,,..###lK###
, , , *##. ,
, ## *** ,, ,
* , , , , * *
, , , , ,,,*
,,


You could see 3 yaks, an unseen horror (invisible, ally target), a friendly
komodo dragon (summoned, wandering), a friendly shadow (summoned, invisible) and
3 friendly kobolds.

Vanquished Creatures
  Erolcha (D:9)
  A troll (D:9)
  A hornet (D:8)
  Prince Ribbit (D:8)
  3 vampire mosquitoes (D:10)
  Menkaure (D:4)
  2 steam dragons
  Edmund (D:6)
  2 orc warriors
  3 sky beasts
  An ogre (D:4)
  2 centaurs
  A phantom (D:4)
  2 kobold brigands
  5 bullfrogs
  2 necrophages
  3 scorpions
  3 wights (D:9)
  5 killer bees (D:7)
  A howler monkey (D:9)
  3 hounds
  5 orc priests
  Ijyb (D:5)
  2 iguanas
  7 orc wizards
  A mummy (D:7)
  4 gnolls
  3 adders
  2 white imps
  2 dart slugs
  28 orcs
  7 ball pythons
  4 giant cockroaches
  10 goblins
  7 hobgoblins
  4 jackals (D:1)
  4 quokkas
  4 bats
  5 frilled lizards
  A hobgoblin zombie (D:7)
  21 kobolds
  3 kobold zombies (D:7)
  5 rats
174 creatures vanquished.

Vanquished Creatures (collateral kills)
  A yak (D:11)
  Duvessa (D:4)
  Dowan (D:4)
  A hobgoblin (D:4)
4 creatures vanquished.

Vanquished Creatures (others)
  2 plants (D:8)
2 creatures vanquished.

Grand Total: 180 creatures vanquished

Notes
Turn   | Place    | Note
-------+----------+-------------------------------------------
     0 | D:1      | concernfroge the Mummy Monk began the quest for the Orb.
     0 | D:1      | Reached XP level 1. HP: 18/18 MP: 1/1
   279 | D:1      | Reached XP level 2. HP: 22/24 MP: 2/2
   944 | D:1      | Gained mutation: You are in touch with the powers of death.
                  | [Mummy growth]
   944 | D:1      | Reached XP level 3. HP: 26/30 MP: 3/3
  1289 | D:2      | Found a faded altar of an unknown god.
  2406 | D:3      | Found a sacrificial altar of Ru.
  2407 | D:3      | Found a blossoming altar of Fedhas.
  2437 | D:3      | Found an iron altar of Okawaru.
  2550 | D:3      | Reached skill level 5 in Fighting
  2550 | D:3      | Reached XP level 4. HP: 33/39 MP: 4/4
  2944 | D:4      | Noticed a scorpion
  2962 | D:4      | Killed a scorpion
  3118 | D:4      | Reached XP level 5. HP: 46/46 MP: 5/5
  3171 | D:4      | Noticed Menkaure
  3175 | D:4      | Killed Menkaure
  3176 | D:4      | Reached XP level 6. HP: 53/53 MP: 6/6
  3872 | D:4      | Noticed Duvessa
  3874 | D:4      | Noticed Dowan
  3875 | D:4      | Identified a scroll of acquirement
  3875 | D:4      | Acquired a manual of Fighting
  3897 | D:4      | Killed Duvessa
  3898 | D:4      | Reached XP level 7. HP: 25/64 MP: 7/7
  3904 | D:4      | Killed Dowan
  4127 | D:5      | Entered Level 5 of the Dungeon
  4149 | D:5      | Noticed Ijyb
  4163 | D:5      | Killed Ijyb
  4328 | D:5      | Reached skill level 10 in Fighting
  4602 | D:5      | Reached skill level 1 in Long Blades
  4824 | D:5      | Found a radiant altar of Vehumet.
  5023 | D:6      | Noticed Edmund
  5156 | D:5      | Reached XP level 8. HP: 13/72 MP: 8/8
  5785 | D:6      | Found a staircase to the Ecumenical Temple.
  5794 | Temple   | Entered the Ecumenical Temple
  5804 | Temple   | Became a worshipper of Ashenzari the Shackled
  6219 | D:6      | Reached * piety under Ashenzari
  6388 | D:6      | Killed Edmund
  6395 | D:6      | Reached skill level 5 in Long Blades
  7293 | D:7      | Reached ** piety under Ashenzari
  7305 | D:7      | Reached XP level 9. HP: 60/78 MP: 9/9
  7413 | D:7      | Found Athraigu's General Store.
  7414 | D:7      | Found Futafyto's Distillery.
  7416 | D:7      | Found Bin Jepn's Armour Boutique.
  8043 | D:8      | Noticed Prince Ribbit
  8048 | D:8      | Killed Prince Ribbit
  8150 | D:8      | Found Ocadoelad's Weapon Emporium.
  8156 | D:8      | Bought 4 datura-tipped darts for 17 gold pieces
  8405 | D:8      | Found a viscous altar of Jiyva.
  8530 | D:8      | Found a transporter.
  8607 | D:8      | Noticed a two-headed ogre
  8610 | D:8      | Noticed a steelbarb worm
  8610 | D:8      | a two-headed ogre changed into a steelbarb worm
  8611 | D:8      | a steelbarb worm changed into a hornet
  9577 | D:9      | Noticed Erolcha
  9583 | D:9      | Killed Erolcha
  9584 | D:9      | Reached XP level 10. HP: 38/88 MP: 10/10
  9821 | D:9      | Reached *** piety under Ashenzari
  9821 | D:9      | Reached **** piety under Ashenzari
  9862 | D:9      | Reached skill level 10 in Long Blades
 10043 | D:9      | Found a staircase to the Lair.
 10160 | D:9      | Found Ufisyvic's Distillery.
 10476 | D:10     | Entered Level 10 of the Dungeon
 10481 | D:10     | Noticed a two-headed ogre
 10483 | D:10     | Noticed a deep troll
 10483 | D:10     | a two-headed ogre changed into a deep troll
 10484 | D:10     | Noticed a water nymph
 10484 | D:10     | a deep troll changed into a water nymph
 10485 | D:10     | Noticed a two-headed ogre
 10495 | D:10     | Noticed Amaemon
 10495 | D:10     | Noticed an orange demon
 10756 | D:11     | HP: 4/89 [unseen horror (5)]
 10757 | D:11     | Slain by an unseen horror

Illustrated notes

Levels and vault maps discovered:
D:1:      zaba_arrival_water, layout_loops_cross
D:2:      layout_loops_corners, shapermc_ecumenical_altar_ellora, serial_rivers,
          chequers_serial_rivers_small_a, chequers_serial_rivers_micro_d,
          chequers_serial_rivers_marsh, chequers_serial_rivers_micro_b,
          chequers_serial_rivers_large_a, chequers_serial_rivers_small_b
D:3:      layout_loops_cross, mainiacjoe_overflow_alcove_3,
          kennysheep_flooded_box
D:4:      layout_basic, uniq_menkaure, uniq_duvessa
D:5:      layout_rooms, vehumet_altar_wand_db, uniq_ijyb
D:6:      layout_gridville, minmay_temple_entry_waves, uniq_edmund
D:7:      layout_basic, nicolae_wooded_promenade, minmay_mini_ossuary
D:8:      gammafunk_jiyva_shrine, layout_loops_ring, serial_shops,
          shop_fountains, serial_bayou_pond_d, minmay_misc_feat_pillars,
          uniq_prince_ribbit1
D:9:      layout_roguey, lair_entry_dummy, serial_shops, shop, uniq_erolcha
D:10:     layout_gridville, uniq_amaemon, uniq_sonja
D:11:     gammafunk_boulding_lane, layout_rooms, trog_butcher_becter
Temple:   minmay_crystal_spiral_temple

Skill      XL: |  1  2  3  4  5  6  7  8  9 10 |
---------------+-------------------------------+-----
Fighting       | 4 5 6 9 10 | 10.2
Long Blades    | 2 6 9 10 | 10.6
Polearms       | |  2.4
Dodging        | |  2.4
Stealth        | |  1.5

Action                   |  1- 3 |  4- 6 |  7- 9 | 10-12 || total
-------------------------+-------+-------+-------+-------++-------
Melee: Spear             |   224 |    86 |       |       ||   310
       Punch             |     1 |     1 |       |       ||     2
       Hand axe          |       |    16 |    43 |       ||    59
       Great sword       |       |       |   307 |    54 ||   361
Throw: Dart              |       |    10 |    19 |       ||    29
       Throwing net      |       |       |     3 |       ||     3
Invok: Curse Item        |       |       |     4 |     1 ||     5
Evoke: Wand              |       |     4 |    25 |     3 ||    32
  Use: Scroll            |       |    12 |     3 |     4 ||    19
 Stab: Sleeping          |     2 |       |       |       ||     2
       Held in net/web   |       |       |     3 |       ||     3
Armor: Robe              |     3 |       |       |       ||     3
       Ring mail         |    42 |       |       |       ||    42
       Scale mail        |    29 |    44 |    42 |       ||   115
       Plate armour      |       |       |   261 |    67 ||   328
Dodge: Dodged            |    87 |    38 |   165 |    25 ||   315
